 Dungeon Crawl Stone Soup version 0.27-a0-1084-g78b3836a5f (webtiles) character file.

Game seed: 1784254271565142734

550 tilp the Sneak (level 7, -5/37 HPs)
             Began as a Vine Stalker Brigand on Apr 26, 2021.
             Was a Follower of Uskayaw.
             Slain by an ice beast (10 damage)
             ... on level 5 of the Dungeon.
             The game lasted 00:07:23 (4614 turns).

tilp the Sneak (Vine Stalker Brigand)               Turns: 4614, Time: 00:07:25

Health: -5/37      AC:  8    Str: 13    XL:     7   Next: 29%
Magic:  0/8        EV:  9    Int: 11    God:    Uskayaw [*.....]
Gold:   47         SH:  0    Dex: 18    Spells: 6/6 levels left

rFire    . . .     SeeInvis .   a - +2 dagger
rCold    . . .     Faith    .   (no shield)
rNeg     . . .     Spirit   +   o - +0 scale mail
rPois    +         Reflect  .   (no helmet)
rElec    .         Harm     .   c - +1 cloak
rCorr    .         Rampage  .   (no gloves)
Will     .....                  (no boots)
Stlth    +++.......             (no amulet)
HPRegen  1.12/turn              m - ring "Bigeol" {rPois Stlth+}
MPRegen  0.11/turn              (no ring)

@: no status effects
A: fangs 2, regeneration 1, magic shield, antimagic bite, no potion heal 2
a: Renounce Religion, Stomp


You were on level 5 of the Dungeon.
You worshipped Uskayaw.
Uskayaw was noncommittal.
You visited 2 branches of the dungeon, and saw 6 of its levels.

You collected 167 gold pieces.
You spent 120 gold pieces at shops.

Inventory:

Hand Weapons
 a - a +2 dagger (weapon)
Missiles
 d - 13 poisoned darts (quivered)
 e - 2 curare-tipped darts {!f}
 j - 8 datura-tipped darts
 l - 8 boomerangs
Armour
 c - a +1 cloak (worn)
 i - a +0 ring mail
 o - a +0 scale mail (worn)
 q - a scarf of invisibility
Magical Staves
 b - a staff of poison
Jewellery
 m - the ring "Bigeol" (left hand) {rPois Stlth+}
   (You bought it in a shop on level 2 of the Dungeon)

   [ring of poison resistance]

   It protects you from poison.
   It makes you more stealthy.
Potions
 f - a potion of ambrosia
 g - 2 potions of might
 h - a potion of attraction {unknown}
 k - a potion of curing {unknown}
 n - a potion of brilliance {unknown}
 r - a potion of magic {unknown}
 s - a potion of invisibility {unknown}


   Skills:
 - Level 4.0 Fighting
 + Level 5.1 Short Blades
 - Level 1.7 Throwing
 - Level 2.0 Dodging
 - Level 6.0 Stealth


You had 6 spell levels left.
You didn't know any spells.
Your spell library was empty.

Dungeon Overview and Level Annotations

Branches:
Dungeon (5/15)             Temple (1/1) D:4

Altars:
Ashenzari
Cheibriados
Dithmenos
Elyvilon
Gozag
Hepliaklqana
Kikubaaqudgha
Nemelex Xobeh
Okawaru
Ru
Sif Muna
Trog
Uskayaw
Vehumet
Xom
Yredelemnul

Shops:
D:2 *   D:5 [


Innate Abilities, Weirdness & Mutations

You have extremely sharp teeth.
Your natural rate of healing is unusually fast.
When hurt, damage is shared between your health and your magic reserves.
Your bite disrupts and absorbs the magic of your enemies.
Potions cannot restore your health.


Message History

You bite the ice beast, but do no damage.
The ice beast is almost dead.
The ice beast barely misses you.
You closely miss the ice beast. Your bite misses the ice beast.
The ice beast is almost dead.
The ice beast closely misses you.
You hit the ice beast.
The ice beast is almost dead.
The ice beast hits you. The ice beast freezes you!
* * * LOW HITPOINT WARNING * * *
You hit the ice beast but do no damage.
The ice beast is almost dead.
You barely miss the ice beast.
The ice beast is almost dead.
The ice beast hits you but does no damage.
You hit the ice beast.
The ice beast is almost dead.
The ice beast hits you but does no damage.
You hit the ice beast but do no damage.
The ice beast is almost dead.
The ice beast barely misses you.
You hit the ice beast but do no damage.
The ice beast is almost dead.
You barely miss the ice beast. Your bite misses the ice beast.
The ice beast is almost dead.
The ice beast hits you but does no damage.
You hit the ice beast but do no damage.
You bite the ice beast, but do no damage.
The ice beast is almost dead.
The ice beast hits you.
* * * LOW HITPOINT WARNING * * *
The ice beast freezes you.
* * * LOW HITPOINT WARNING * * *
You barely miss the ice beast. You bite the ice beast. You drain its power.
You feel invigorated.
The ice beast is almost dead.
The ice beast hits you.
* * * LOW HITPOINT WARNING * * *
The ice beast freezes you!
You die...

#.# #.#.# #.#.#
#.#.# #.#.#
#.#.# #.#.#
#.##.#)#.###...
.......@..∩.....
#.####.Y..##....
+(...# .. #....#
#....# +.....
#...... #....##.


You could see an ice beast.

Vanquished Creatures
  Sigmund (D:3)
  A necrophage (D:4)
  A kobold brigand (D:4)
  An iguana (D:4)
  An orc wizard (D:4)
  A hound skeleton (D:4)
  5 adders
  3 gnolls
  3 dart slugs (D:3)
  11 orcs
  7 endoplasms
  2 giant cockroaches
  8 goblins
  10 hobgoblins
  12 jackals
  2 quokkas
  3 ball pythons
  3 bats
  A frilled lizard (D:3)
  10 kobolds
  4 rats
90 creatures vanquished.

Notes
Turn   | Place    | Note
-------+----------+-------------------------------------------
     0 | D:1      | tilp the Vine Stalker Brigand began the quest for the Orb.
     0 | D:1      | Reached XP level 1. HP: 11/11 MP: 2/2
   410 | D:1      | Reached XP level 2. HP: 15/15 MP: 3/3
   996 | D:1      | Found a faded altar of an unknown god.
  1229 | D:1      | Reached XP level 3. HP: 19/19 MP: 4/4
  1693 | D:2      | Found a broken altar of Ashenzari.
  1841 | D:2      | Found Qiphil's Assorted Antiques.
  1882 | D:2      | Gained mutation: Your natural rate of healing is unusually
                  | fast. [Vine Stalker growth]
  1882 | D:2      | Reached XP level 4. HP: 10/24 MP: 2/5
  2567 | D:3      | Reached XP level 5. HP: 28/28 MP: 6/6
  2605 | D:3      | Found a snail-covered altar of Cheibriados.
  2753 | D:3      | Noticed Sigmund
  2761 | D:3      | Killed Sigmund
  2762 | D:3      | Reached skill level 1 in Dodging
  2762 | D:3      | Reached skill level 5 in Stealth
  2762 | D:3      | Reached XP level 6. HP: 33/33 MP: 7/7
  3315 | D:2      | Bought a fine tin ring for 100 gold pieces
  3315 | D:2      | Identified the ring "Bigeol" {rPois Stlth+} (You bought it
                  | in a shop on level 2 of the Dungeon)
  3315 | D:2      | Bought a scroll labelled BOPSIDGHIFEDD for 20 gold pieces
  3494 | D:4      | Noticed a necrophage
  3512 | D:4      | Killed a necrophage
  3513 | D:4      | Reached XP level 7. HP: 34/37 MP: 8/8
  3612 | D:4      | Reached skill level 6 in Stealth
  3876 | D:4      | Reached skill level 5 in Short Blades
  3974 | D:4      | Found a staircase to the Ecumenical Temple.
  4106 | Temple   | Entered the Ecumenical Temple
  4337 | Temple   | Became a worshipper of Uskayaw the Reveller
  4570 | D:5      | Entered Level 5 of the Dungeon
  4579 | D:5      | Found Xuma Sao's Armour Shoppe.
  4593 | D:5      | Reached * piety under Uskayaw
  4614 | D:5      | Slain by an ice beast

Illustrated notes

Levels and vault maps discovered:
D:1:      co_arrival_random_square_maze, layout_basic,
          chequers_ecumenical_altar_simple_redux, minmay_pentomino_r4
D:2:      layout_basic, basic_altar, serial_shops, shop
D:3:      layout_loops_cross, kennysheep_slug_shrine, kennysheep_potato,
          uniq_sigmund
D:4:      layout_layer_cave, minmay_temple_entry_poolview
D:5:      layout_basic, serial_shops, shop
Temple:   eino_temple_water

Skill      XL: |  1  2  3  4  5  6  7 |
---------------+----------------------+-----
Fighting       | 2 3 4 |  4.0
Short Blades   | 2 3 4 5 |  5.1
Dodging        | 1 2 |  2.0
Stealth        | 5 6 |  6.0
Throwing       | |  1.7

Action                   |  1- 3 |  4- 6 |  7- 9 || total
-------------------------+-------+-------+-------++-------
Melee: Dagger            |    83 |   104 |   109 ||   296
       Bite              |    25 |    30 |    36 ||    91
Throw: Dart              |     2 |    14 |     6 ||    22
       Boomerang         |       |     4 |       ||     4
  Use: Scroll            |     5 |     2 |     1 ||     8
 Stab: Sleeping          |     6 |     6 |     1 ||    13
Armor: Robe              |     5 |       |       ||     5
       Leather armour    |     6 |    18 |       ||    24
       Scale mail        |       |     9 |    39 ||    48
Dodge: Dodged            |    33 |    30 |    29 ||    92

Table legend: (Time is in decaauts)
 A = Elapsed time spent in this place.
 B = Non-inter-level travel time spent in this place.
 C = Inter-level travel time spent in this place.
 D = Time resting spent in this place.
 E = Time spent auto-exploring this place.
 F = Levels seen in this place.
 G = Mean time per level.
                   A        B        C        D        E       F      G
               +--------+--------+--------+--------+--------+-----+--------+
         Total |   4569 |   3965 |    604 |    509 |   2676 |   6 |  761.5 |
       Dungeon |   4323 |   3760 |    563 |    509 |   2473 |   5 |  864.6 |
        Temple |    245 |    204 |     41 |      0 |    203 |   1 |  245.0 |
               +--------+--------+--------+--------+--------+-----+--------+

Top non-repeatable levels by time:
     D:1: 1621 daAuts
     D:4: 1043 daAuts
     D:3: 826 daAuts
     D:2: 797 daAuts
  Temple: 245 daAuts
     D:5: 35 daAuts
